 Dungeon Crawl Stone Soup version 0.30.1-11-g7821555f0a (webtiles) character file.

Game seed: 18086931620038043765

100 Okkudo the Chopper (level 4, 0/41 HPs)
             Began as a Hill Orc Monk on Dec 9, 2023.
             Succumbed to a goblin's poison
             ... on level 2 of the Dungeon.
             The game lasted 00:04:22 (1100 turns).

Okkudo the Chopper (Hill Orc Monk)                  Turns: 1100, Time: 00:04:22

Health: 0/41       AC:  8    Str: 15    XL:     4   Next: 74%
Magic:  4/4        EV:  7    Int: 10    God:
Gold:   73         SH:  0    Dex: 13    Spells: 3/3 levels left

rFire   . . .        a - +0 hand axe
rCold   . . .        d - orb {light}
rNeg    . . .        h - +0 chain mail
rPois   .            (no helmet)
rElec   .            (no cloak)
rCorr   +            (no gloves)
SInv    .            (no boots)
Will    +....        (no amulet) Stlth
                     b - ring of willpower
HPRegen 0.26/turn    l - ring of resist corrosion
MPRegen 0.09/turn

%: no passive effects
@: lethally poisoned (0 -> -14), attractive, glowing
A: no striking features
a: no special abilities


You were on level 2 of the Dungeon.
You visited 1 branch of the dungeon, and saw 2 of its levels.

You collected 73 gold pieces.

Inventory:

Hand Weapons
 a - a +0 hand axe (weapon)
Missiles
 f - 14 poisoned darts (quivered)
Armour
 d - an orb of light (worn)
 h - a +0 chain mail (worn)
Jewellery
 b - a ring of willpower (left hand)
 l - a ring of resist corrosion (right hand)
Scrolls
 j - a scroll of torment {unknown}
Potions
 e - a potion of mutation {unknown}
 g - a potion of attraction
 i - a potion of brilliance {unknown}
 k - a potion of flight {unknown}


   Skills:
 + Level 4.7 Fighting
 + Level 5.2 Axes
 + Level 3.2 Dodging


You had 3 spell levels left.
You didn't know any spells.
Your spell library contained the following spells:

 Spells                   Type           Power      Damage    Failure   Level
 Call Canine Familiar     Summ           0%         N/A       100%        3
 Dazzling Flash           Conj/Hex       0%         N/A       100%        3
 Portal Projectile        Hex/Tloc       0%         N/A       100%        3
 Volatile Blastmotes      Fire/Tloc      0%         2d10      100%        3
 Fulminant Prism          Conj/Hex       0%         3d5       100%        4
 Iskenderun's Mystic Bla  Conj/Tloc      0%         2d3       100%        4
 Leda's Liquefaction      Hex/Erth       0%         N/A       100%        4
 Agony                    Necr           0%         N/A       100%        5
 Lee's Rapid Deconstruct  Erth           0%         3d4*      100%        5
 Silence                  Hex/Air        0%         N/A       100%        5


Dungeon Overview and Level Annotations

Branches:
Dungeon (2/15)

Altars:


Message History

The jackal attacks as you move away!
The jackal bites you but does no damage.
The goblin hits you but does no damage.
The jackal bites you but does no damage.
Things that are here:
a +0 dagger; a +0 dagger; a goblin corpse The goblin attacks as you move away!
The goblin hits you with a +0 dagger of venom.
The goblin attacks as you move away! The goblin hits you but does no damage.
You are poisoned.
* * * LOW HITPOINT WARNING * * *
You feel very sick.
You feel sick. The goblin attacks as you move away!
The goblin hits you with a +0 dagger of venom.
* * * LOW HITPOINT WARNING * * *
You are more poisoned.
* * * LOW HITPOINT WARNING * * *
You feel very sick.
The goblin no longer looks unusually strong.
You are confused.
You feel invigorated.
* * * LOW HITPOINT WARNING * * *
You feel very sick. The goblin hits you but does no damage.
It was a potion of attraction.
You feel attractive to monsters.
* * * LOW HITPOINT WARNING * * *
You feel very sick.
The goblin no longer looks unusually strong.
The goblin hits you but does no damage.
You are more poisoned.
The goblin is attracted toward you. The hobgoblin is attracted toward you.
You bump into the rock wall.
You feel less invigorated.
You feel less confused.
* * * LOW HITPOINT WARNING * * *
You feel very sick. The goblin barely misses you.
The goblin attacks as you move away! The goblin hits you but does no damage.
You die...

..........# ####.................
.###.####.###.........####)..###.
........(...<.##......###....#
.###......................#..#
......#####...#.......#####..#
.###.######.#÷#÷..##### ##..##
.###.........[....# ###....#
...........##....######)..#.#
.....#.#........@##ggg))#...#
..........#.......gh####).###
............##..#######...###
........#..###.## #.........##
.)......##.....# #.....<.(..#
.........###.### ##..........#
)............# ##..^.......(#
.†.......)...# #............#
†............................#


You could see a jackal and a goblin (strong).

Vanquished Creatures
  Robin (D:2)
  An adder (D:2)
  2 dart slugs (D:1)
  7 endoplasms
  2 giant cockroaches
  13 goblins
  9 hobgoblins
  7 jackals
  4 kobolds
  3 quokkas (D:1)
  4 ball pythons
  3 bats (D:2)
  3 frilled lizards
  7 rats
66 creatures vanquished.

Notes
Turn   | Place    | Note
-------+----------+-------------------------------------------
     0 | D:1      | Okkudo the Hill Orc Monk began the quest for the Orb.
     0 | D:1      | Reached XP level 1. HP: 19/19 MP: 1/1
   209 | D:1      | Reached XP level 2. HP: 19/27 MP: 2/2
   500 | D:1      | Reached XP level 3. HP: 33/33 MP: 3/3
   829 | D:2      | Reached XP level 4. HP: 38/41 MP: 4/4
   932 | D:2      | Reached skill level 5 in Axes
  1062 | D:2      | Noticed Robin
  1085 | D:2      | Killed Robin
  1096 | D:2      | HP: 2/41 [poisoned by a goblin]
  1100 | D:2      | Succumbed to a goblin's poison

Illustrated notes

Levels and vault maps discovered:
D:1:      giann_wishing_wells, layout_basic
D:2:      layout_rooms, roderic_roman_lattice, minmay_goblin_outpost, uniq_robin

Skill      XL: |  1  2  3  4 |
---------------+-------------+-----
Fighting       | 4 |  4.7
Dodging        | 3 |  3.2
Axes           | 5 |  5.2

Action                     |  1- 3 |  4- 6 || total
---------------------------+-------+-------++-------
  Melee: Hand axe          |    91 |    60 ||   151
    Use: Potion            |       |     2 ||     2
 Armour: Robe              |     2 |       ||     2
         Chain mail        |    50 |    50 ||   100
  Dodge: Dodged            |    49 |    32 ||    81
